 Dungeon Crawl Stone Soup version 0.23-a0-78-gc252fe1 (webtiles) character file.

1341 MovingMist the Agent of Entropy (level 8, -5/63 HPs)
             Began as a Demonspawn Abyssal Knight on Aug 10, 2018.
             Was a Priest of Lugonu.
             Killed by divine providence
             ... invoked by an orc priest
              (17 damage)
             ... on level 6 of the Dungeon.
             The game lasted 00:12:14 (5218 turns).

MovingMist the Agent of Entropy (DsAK)              Turns: 5218, Time: 00:12:15

Health: -5/63      AC: 20    Str: 15    XL:     8   Next: 35%
Magic:  14/14      EV:  5    Int: 13    God:    Lugonu [***...]
Gold:   274        SH:  0    Dex: 13    Spells: 7/7 levels left

rFire    . . .     SeeInvis .   i - +0 whip (venom)
rCold    + . .     Gourm    .   (no shield)
rNeg     . . .     Faith    .   m - +0 plate armour
rPois    .         Spirit   .   (helmet restricted)
rElec    .         Reflect  .   (no cloak)
rCorr    .         Harm     .   (no gloves)
MR       .....                  e - +0 pair of boots
Stlth    ..........             (no amulet)
HPRegen  0.20/turn              (no ring)
MPRegen  0.14/turn              (no ring)

@: sanguine armour
A: antennae 2, cold resistance 1, demonic guardian 1, sanguine armour 2
a: Depart the Abyss, Bend Space, Banish, Renounce Religion


You were on level 6 of the Dungeon.
You worshipped Lugonu.
Lugonu was most pleased with you.
You were not hungry.

You visited 1 branch of the dungeon, and saw 6 of its levels.
You visited the Abyss 1 time.

You collected 274 gold pieces.

Inventory:

Hand Weapons
 a - a +1 hand axe
 i - a +0 whip of venom (weapon)
Armour
 e - a +0 pair of boots (worn)
 m - a +0 plate armour (worn)
 u - a +0 large shield
Jewellery
 n - an uncursed ring of resist corrosion {unknown}
Wands
 x - a wand of polymorph (13)
Scrolls
 b - 4 scrolls of amnesia {unknown}
 d - a scroll of identify {unknown}
 f - a scroll of fog {unknown}
 g - 3 scrolls of blinking {unknown}
 k - a scroll of teleportation {unknown}
 l - 4 scrolls of remove curse {unknown}
 o - a scroll of noise {unknown}
 s - a scroll of silence {unknown}
 w - 2 scrolls of enchant weapon {unknown}
Potions
 h - 2 potions of degeneration {unknown}
 j - 2 potions of heal wounds {unknown}
 p - a potion of curing {unknown}
 q - a potion of resistance {unknown}
 r - a potion of flight {unknown}
 t - a potion of might {unknown}
Comestibles
 c - 8 rations
 v - 2 chunks of flesh


   Skills:
 + Level 5.4 Fighting
 + Level 4.4 Axes
 - Level 1.7 Armour
 + Level 4.1 Dodging
 * Level 8.8 Invocations


You had 7 spell levels left.
You didn't know any spells.
Your spell library was empty.

Dungeon Overview and Level Annotations

Branches:
Dungeon (6/15)
 Temple: D:4-7

Altars:
Makhleb
Ru
Sif Muna
Uskayaw

Shops:
D:4 }(

Annotations:
Abyss:1 Prince Ribbit


Innate Abilities, Weirdness & Mutations

You have a pair of antennae on your head.
Your flesh is cold resistant. (rC+)
A weak demonic guardian rushes to your aid.
When seriously injured, your bleeding wounds create thick armour. (AC +9)


Message History

A magic dart appears from out of thin air!
The magic dart hits you!
You hit something. The hound barely misses you.
You hear some strange, mumbled words.
Something tries to affect you, but you resist.
You hit something. The hound bites you.
* * * LOW HITPOINT WARNING * * *
The hound bites you.
* * * LOW HITPOINT WARNING * * *
You hear some strange, mumbled words.
Something tries to affect you, but you resist.
You hit something but do no damage. Lugonu accepts your kill.
Reactivating autopickup.
You feel a bit more experienced. The hound barely misses you.
Your plate armour prevents you from hitting the orc priest.
The hound bites you but does no damage. The hound barely misses you.
The orc priest invokes the aid of Beogh against you.
Beogh smites you!
You die... ####.######.# .......h@o..# .###.########

You could see a hound and an orc priest.

Vanquished Creatures
  An orc warrior (D:6)
  3 centaurs
  A bullfrog (D:3)
  A howler monkey (D:5)
  A crimson imp (D:5)
  2 hounds
  2 orc wizards
  2 orc priests
  2 bullfrog skeletons
  Terence (D:3)
  5 worker ants
  A hound skeleton (D:4)
  8 adders
  2 shadow imps (D:5)
  An ooze (D:3)
  A worm (D:2)
  3 dart slugs
  3 leopard geckos
  16 orcs
  2 ball pythons (D:2)
  8 bats
  5 giant cockroaches
  5 goblins
  4 hobgoblins
  15 jackals
  3 quokkas
  5 frilled lizards (D:2)
  4 kobolds
  A leopard gecko skeleton (D:5)
  8 rats
116 creatures vanquished.

Vanquished Creatures (collateral kills)
  A centaur (D:5)
  An orc priest (D:4)
  4 orcs
6 creatures vanquished.

Vanquished Creatures (others)
  2 ogres
2 creatures vanquished.

Grand Total: 124 creatures vanquished

Notes
Turn   | Place    | Note
-------+----------+-------------------------------------------
     0 | Abyss:1  | MovingMist the Demonspawn Abyssal Knight began the quest for the Orb.
     0 | Abyss:1  | Reached XP level 1. HP: 18/18 MP: 2/2
   102 | D:1      | Escaped the Abyss
   186 | D:1      | Reached skill level 1 in Dodging
   199 | D:1      | Gained mutation: When seriously injured, your bleeding wounds create armour. (AC +9) [demonic ancestry]
   199 | D:1      | Reached XP level 2. HP: 10/24 MP: 4/4
   200 | D:1      | Reached skill level 3 in Invocations
   713 | D:1      | Reached ** piety under Lugonu
   728 | D:1      | Gained mutation: When seriously injured, your bleeding wounds create thick armour. (AC +9) [demonic ancestry]
   728 | D:1      | Reached XP level 3. HP: 24/29 MP: 5/5
  1356 | D:2      | Reached skill level 4 in Invocations
  1432 | D:2      | Gained mutation: You have a pair of small antennae on your head. [demonic ancestry]
  1432 | D:2      | Reached XP level 4. HP: 33/35 MP: 7/7
  1780 | D:3      | Reached *** piety under Lugonu
  2001 | D:3      | Noticed a bullfrog
  2008 | D:3      | Killed a bullfrog
  2008 | D:3      | Reached skill level 5 in Invocations
  2008 | D:3      | Gained mutation: You have a pair of antennae on your head. [demonic ancestry]
  2008 | D:3      | Reached XP level 5. HP: 28/42 MP: 8/8
  2243 | D:3      | Found a sacrificial altar of Ru.
  2322 | D:3      | Noticed Terence
  2336 | D:3      | Killed Terence
  2621 | D:4      | Gained mutation: A weak demonic guardian rushes to your aid. [demonic ancestry]
  2621 | D:4      | Reached XP level 6. HP: 18/48 MP: 10/10
  2889 | D:4      | Reached skill level 6 in Invocations
  3277 | D:4      | Gained mutation: Your flesh is cold resistant. (rC+) [demonic ancestry]
  3277 | D:4      | Reached XP level 7. HP: 27/55 MP: 11/11
  3571 | D:4      | Found Pisibo Ykai's Weapon Emporium.
  3613 | D:4      | Found Wibubb's Gadget Shop.
  3801 | D:4      | Found a deep blue altar of Sif Muna.
  3801 | D:4      | Found a burning altar of Makhleb.
  3802 | D:4      | Found a hide-covered altar of Uskayaw.
  3853 | D:5      | Entered Level 5 of the Dungeon
  3988 | D:5      | Reached skill level 7 in Invocations
  4013 | D:5      | Noticed Prince Ribbit
  4051 | D:5      | Banished Prince Ribbit
  4427 | D:5      | Reached skill level 5 in Fighting
  4611 | D:5      | Reached skill level 8 in Invocations
  4611 | D:5      | Reached XP level 8. HP: 40/62 MP: 12/14
  4621 | D:5      | Reached **** piety under Lugonu
  5218 | D:6      | Killed from afar by an orc priest

Vault maps used:
D:1:      nicolae_arrival_memento_mori, minmay_misc_feat_secret_circle
D:3:      first_ration, nicolae_ru_the_path_less_chosen, uniq_terence
D:4:      gammafunk_temple_overflow_claw, serial_shops,
          nicolae_shop_competitors_out_of_business, shop_statue
D:5:      kennysheep_another_room, kennysheep_generic_room_8,
          uniq_prince_ribbit1
D:6:      minmay_temple_entry_mist
Abyss:1:  evilmike_abyss_exit_16

Skill      XL: |  1  2  3  4  5  6  7  8 |
---------------+-------------------------+-----
Dodging        | 1 2 3 4 |  4.1
Invocations    | 3 4 5 6 8 |  8.8
Axes           | 2 3 4 |  4.4
Fighting       | 4 5 |  5.4
Armour         | |  1.7

Action                   |  1- 3 |  4- 6 |  7- 9 || total
-------------------------+-------+-------+-------++-------
Melee: Hand axe          |    43 |       |       ||    43
       Whip              |    90 |   181 |   243 ||   514
Invok: Banish            |       |     1 |     2 ||     3
  Eat: Chunk             |     2 |     6 |     7 ||    15
Armor: Leather armour    |    31 |       |       ||    31
       Ring mail         |    44 |       |       ||    44
       Plate armour      |     7 |   122 |   173 ||   302
Dodge: Dodged            |    74 |    28 |    49 ||   151

Table legend:
 A = Non-vault XP
 B = Vault XP
 C = Vault XP percentage of total XP
 D = Non-vault monster count
 E = Vault monster count
 F = Vault count percentage of total count
 G = Total turns spent on level
                 A         B        C        D         E       F
            +---------+---------+-------+---------+---------+-------
      Total |    1715 |     202 |  10.5 |     121 |       4 |   3.2
            +---------+---------+-------+---------+---------+-------
        D:1 |      46 |       0 |   0.0 |      26 |       0 |   0.0
        D:2 |      86 |       0 |   0.0 |      23 |       0 |   0.0
        D:3 |     164 |      36 |  18.0 |      22 |       1 |   4.3
        D:4 |     497 |       0 |   0.0 |      21 |       0 |   0.0
        D:5 |     757 |     166 |  18.0 |      27 |       3 |  10.0
        D:6 |     165 |       0 |   0.0 |       2 |       0 |   0.0
            +---------+---------+-------+---------+---------+-------
